[Event "ICC tourney 2562 (45 10)"]
[Site "Internet Chess Club"]
[Date "2021.05.15"]
[Round "3"]
[White "WU, WINSTON:qjet"]
[Black "Zhang, Charlie Charlie:CharlieZ"]
[Result "1-0"]
[ICCResult "Black checkmated"]
[WhiteElo "1200"]
[BlackElo "343"]
[Opening "King's pawn game"]
[ECO "C50"]
[NIC "IG.03"]
[Time "16:01:43"]
[PlyCount "77"]
[TimeControl "2700+10"]

1. e4 e5 2. Nf3 Nc6 3. Bc4 d6 4. d3 Nf6 5. h3 g6 6. O-O Bg7 7. c3 O-O 8.
Re1 d5 9. exd5 Nxd5 10. Bg5 f6 11. Be3 Bf5 12. b4 e4 13. dxe4 Bxe4 14. Bc5
Re8 15. Rxe4 Rxe4 16. Qxd5+ Qxd5 17. Bxd5+ Kh8 18. Bxe4 Re8 19. Nbd2 b6 20.
Bxc6 Re2 21. Bb5 Re6 22. Bd4 a6 23. Bxa6 c5 24. Bc4 Re7 25. bxc5 bxc5 26.
Bxc5 Rc7 27. Bb4 f5 28. Re1 Rc8 29. Ng5 h6 30. Ne6 Bf6 31. Nf4 g5 32. Nh5
Be5 33. Rxe5 Kh7 34. Rxf5 Ra8 35. Bd3 Rxa2 36. Ra5+ Kh8 37. Rxa2 Kg8 38.
Bg6 g4 39. Ra8# { Black checkmated } 1-0

[Event "ICC tourney 2562 (45 10)"]
[Site "Internet Chess Club"]
[Date "2021.05.15"]
[Round "3"]
[White "LUO, OLIVER:BadChessNotGood"]
[Black "Neti, Adarsh:PearPower"]
[Result "1-0"]
[ICCResult "Black resigns"]
[WhiteElo "596"]
[BlackElo "1270"]
[Opening "Pirc: classical (two knights) system"]
[ECO "B08"]
[NIC "PU.10"]
[Time "16:01:14"]
[PlyCount "39"]
[TimeControl "2700+10"]

1. Nf3 Nf6 2. Nc3 d6 3. d4 g6 4. e4 Bg7 5. Bg5 O-O 6. Qd2 Nbd7 7. e5 dxe5
8. dxe5 Ng4 9. O-O-O Qe8 10. Nd5 f6 11. Nxc7 Qf7 12. e6 fxg5 13. exf7+ Rxf7
14. Nxa8 Kh8 15. h3 Ngf6 16. Nxg5 Rf8 17. Nc7 Bh6 18. f4 Ne4 19. Qd4+ Nef6
20. Nce6 { Black resigns } 1-0

[Event "ICC tourney 2562 (45 10)"]
[Site "Internet Chess Club"]
[Date "2021.05.15"]
[Round "3"]
[White "wang, William Kaiyuan:williamw601"]
[Black "HONG, JONATHAN Y:jhong3"]
[Result "0-1"]
[ICCResult "White checkmated"]
[WhiteElo "1224"]
[BlackElo "935"]
[Opening "Pirc: classical (two knights) system"]
[ECO "B08"]
[NIC "PU.10"]
[Time "16:01:21"]
[PlyCount "100"]
[TimeControl "2700+10"]

1. e4 d6 2. d4 Nf6 3. Nc3 g6 4. Nf3 Bg7 5. Bf4 O-O 6. Bd3 Nc6 7. Qd2 Bg4 8.
Bh6 Bxf3 9. gxf3 Nxd4 10. Qe3 c5 11. Bxg7 Kxg7 12. h4 e5 13. O-O-O a6 14.
Rdg1 Kh8 15. Qh6 Nxf3 16. h5 Nxg1 17. hxg6 fxg6 18. Nd5 Rf7 19. Rxg1 Qf8
20. Qh4 Nxd5 21. exd5 Rg7 22. Bxg6 Qf4+ 23. Qxf4 exf4 24. Rg4 hxg6 25. Rxf4
Kg8 26. Rf6 Rd8 27. Kd2 Kh7 28. Kd3 Rdd7 29. Ke3 Rge7+ 30. Kd2 Rf7 31. Re6
Rxf2+ 32. Kd3 Rf5 33. Kc4 b5+ 34. Kc3 Rxd5 35. Re3 b4+ 36. Kc4 Rd4+ 37. Kb3
Rb7 38. Rh3+ Kg7 39. Ka4 b3+ 40. Ka5 Rdb4 41. Kxa6 Rb8 42. Ka7 R8b5 43. Ka6
bxa2 44. Ra3 Rxb2 45. c4 R5b3 46. Ra4 g5 47. Ka7 g4 48. Ra6 Rb7+ 49. Ka8
Rb8+ 50. Ka7 R2b7# { White checkmated } 0-1

[Event "ICC tourney 2562 (45 10)"]
[Site "Internet Chess Club"]
[Date "2021.05.15"]
[Round "3"]
[White "WEI, ROBERT FANJUN:CaptureFunny"]
[Black "FILOSOFOV, VASILII:Filosofov"]
[Result "0-1"]
[ICCResult "White checkmated"]
[WhiteElo "731"]
[BlackElo "1339"]
[Opening "French: Winawer (Nimzovich) variation"]
[ECO "C15"]
[NIC "FR.08"]
[Time "16:01:49"]
[PlyCount "52"]
[TimeControl "2700+10"]

1. e4 e6 2. d4 d5 3. Nc3 Bb4 4. Nf3 Bxc3+ 5. bxc3 dxe4 6. Nd2 Nf6 7. Qe2
Qd5 8. g3 e3 9. Nf3 exf2+ 10. Qxf2 O-O 11. Bg2 Qc4 12. Bd2 Ne4 13. Qe3 Nxd2
14. Qxd2 Nc6 15. Bf1 Qd5 16. Bg2 Qe4+ 17. Qe2 Qxe2+ 18. Kxe2 e5 19. d5 Na5
20. Nd2 Bg4+ 21. Kf2 Rad8 22. c4 c6 23. dxc6 Rxd2+ 24. Kf1 Nxc4 25. cxb7
Ne3+ 26. Ke1 Re2# { White checkmated } 0-1

[Event "ICC tourney 2562 (45 10)"]
[Site "Internet Chess Club"]
[Date "2021.05.15"]
[Round "3"]
[White "FENG, AARON:aaronfeng"]
[Black "CHATTERJEE, SIDDHAM:siddham"]
[Result "1/2-1/2"]
[ICCResult "Game drawn by mutual agreement"]
[WhiteElo "1158"]
[BlackElo "805"]
[Opening "French: exchange variation"]
[ECO "C01"]
[NIC "FR.01"]
[Time "16:01:15"]
[PlyCount "61"]
[TimeControl "2700+10"]

1. e4 e6 2. d4 d5 3. exd5 exd5 4. Nc3 Nc6 5. Nf3 Nf6 6. Bd3 Bg4 7. Be3 a6
8. Be2 Bb4 9. O-O Ne4 10. Nb1 O-O 11. c3 Bd6 12. Nbd2 Nxd2 13. Nxd2 Bxe2
14. Qxe2 Re8 15. Qd1 Qf6 16. Nf3 Qe6 17. Re1 Qd7 18. b4 b5 19. Qb3 Be7 20.
Bf4 Bf6 21. Bg3 Ne7 22. h3 c6 23. Rac1 Ng6 24. Qb2 h6 25. Rcd1 Rxe1+ 26.
Rxe1 Re8 27. Qb1 Rxe1+ 28. Qxe1 Qe7 29. Qxe7 Bxe7 30. Kf1 Bd8 31. Ke2 {
Game drawn by mutual agreement } 1/2-1/2

[Event "ICC tourney 2562 (45 10)"]
[Site "Internet Chess Club"]
[Date "2021.05.15"]
[Round "3"]
[White "SHARMA, ISHAAN:ishaansharma12"]
[Black "HOT, VELID:Vh1025"]
[Result "0-1"]
[ICCResult "White checkmated"]
[WhiteElo "472"]
[BlackElo "1174"]
[Opening "King's pawn opening"]
[ECO "B07"]
[NIC "VO.17"]
[Time "16:01:13"]
[PlyCount "150"]
[TimeControl "2700+10"]

1. e4 d6 2. Nf3 Nf6 3. Nc3 g6 4. Bc4 Bg7 5. O-O O-O 6. d3 c5 7. Bd2 Nc6 8.
Nd5 e6 9. Nxf6+ Bxf6 10. Bc3 Bxc3 11. bxc3 Qf6 12. Qd2 a6 13. d4 b5 14. Be2
c4 15. Qg5 Qxg5 16. Nxg5 h6 17. Nf3 Kg7 18. Rad1 Ne7 19. Ne1 Bb7 20. Bf3 d5
21. e5 a5 22. Ra1 Ra7 23. a3 Rfa8 24. g3 b4 25. cxb4 axb4 26. Ng2 Rxa3 27.
Rxa3 Rxa3 28. Rb1 Rxf3 29. Rxb4 Bc6 30. Ne1 Ra3 31. f4 Ra4 32. Rb2 Ra5 33.
c3 Rb5 34. Rc2 Rb3 35. Ng2 Ba4 36. Rc1 Nc8 37. Ne3 Nb6 38. Ng4 Nd7 39. Ra1
Bb5 40. Rc1 h5 41. Nf2 Nb6 42. Nh3 Na4 43. Rd1 Nxc3 44. Rd2 Na4 45. Rc2 c3
46. Nf2 Rb2 47. Rc1 c2 48. Nd1 cxd1=Q+ 49. Rxd1 Rb4 50. Rd2 Rb1+ 51. Kg2
Rb2 52. Rxb2 Nxb2 53. Kf3 Nc4 54. Ke2 f6 55. exf6+ Kxf6 56. Kf3 Kf5 57. Kf2
Ke4 58. Kg2 Kxd4 59. Kh3 Ke4 60. Kh4 d4 61. h3 d3 62. g4 hxg4 63. Kxg4 d2
64. h4 d1=Q+ 65. Kg5 Qg1+ 66. Kf6 Qf2 67. f5 Qxf5+ 68. Kg7 g5 69. hxg5
Qxg5+ 70. Kf7 Qf5+ 71. Ke7 Kf4 72. Kd8 e5 73. Kc7 Qd7+ 74. Kb8 Nd6 75. Ka8
Qb7# { White checkmated } 0-1

[Event "ICC tourney 2562 (45 10)"]
[Site "Internet Chess Club"]
[Date "2021.05.15"]
[Round "3"]
[White "PAREKH, VANSH:Popularmmose"]
[Black "Brown, Rodney:bonaparte1984"]
[Result "1-0"]
[ICCResult "Black checkmated"]
[WhiteElo "1086"]
[BlackElo "1133"]
[Opening "Sicilian: dragon, Yugoslav attack, 9.Bc4"]
[ECO "B77"]
[NIC "SI.18"]
[Time "16:01:10"]
[PlyCount "45"]
[TimeControl "2700+10"]

1. e4 c5 2. Nf3 d6 3. d4 cxd4 4. Nxd4 Nf6 5. Nc3 Nc6 6. Bc4 g6 7. f3 Bg7 8.
Be3 O-O 9. Qd2 Nxd4 10. Bxd4 Qc7 11. Bb3 Bd7 12. O-O-O a6 13. h4 b5 14. g4
h5 15. Bxf6 Bxf6 16. Nd5 Qc5 17. gxh5 Bd4 18. Qh6 Rfe8 19. hxg6 Bg7 20.
Qh7+ Kf8 21. Rhg1 Be6 22. gxf7 Bd4 23. Qg8# { Black checkmated } 1-0

[Event "ICC tourney 2562 (45 10)"]
[Site "Internet Chess Club"]
[Date "2021.05.15"]
[Round "3"]
[White "CHATTERJEE, SIDDHARTHA:greenlime2007"]
[Black "Zong, Ivan:ivanzong"]
[Result "1/2-1/2"]
[ICCResult "Game drawn by mutual agreement"]
[WhiteElo "1288"]
[BlackElo "1081"]
[Opening "French: Tarrasch, closed variation"]
[ECO "C05"]
[NIC "FR.17"]
[Time "16:01:11"]
[PlyCount "129"]
[TimeControl "2700+10"]

1. e4 e6 2. d4 d5 3. Nd2 Nf6 4. e5 Nfd7 5. c3 c5 6. Bd3 Qb6 7. Ne2 Nc6 8.
Nf3 cxd4 9. cxd4 Bb4+ 10. Bd2 Bxd2+ 11. Qxd2 O-O 12. O-O f6 13. exf6 Nxf6
14. h3 Bd7 15. Rfe1 Rfe8 16. Nc3 Rad8 17. a3 Na5 18. Rad1 Nc4 19. Bxc4 dxc4
20. Ne5 Qc7 21. d5 exd5 22. Nxd5 Nxd5 23. Qxd5+ Be6 24. Qf3 Rxd1 25. Qxd1
Rd8 26. Qf3 Qa5 27. Qe4 Bd5 28. Qe3 Re8 29. f4 Rc8 30. Rd1 Qc5 31. Qxc5
Rxc5 32. Rd2 h6 33. Ng6 Kf7 34. Ne5+ Ke6 35. Ng4 Bc6 36. Ne5 Be8 37. Re2
Kd6 38. Nxc4+ Rxc4 39. Rxe8 Rxf4 40. Kh2 Rf2 41. b4 Ra2 42. Rg8 g5 43. Rg6+
Kd5 44. Rxh6 Ke5 45. Rh7 Rxa3 46. Rxb7 Rb3 47. Rxa7 Rxb4 48. Rf7 Rf4 49.
Rxf4 Kxf4 50. g3+ Kf3 51. g4 Kf4 52. Kg2 Ke5 53. h4 gxh4 54. Kh3 Kf6 55.
Kxh4 Kg6 56. g5 Kg7 57. Kg3 Kg6 58. Kf4 Kh7 59. Kg4 Kg6 60. Kh4 Kg7 61. Kh5
Kh7 62. g6+ Kg7 63. Kg5 Kg8 64. Kf5 Kg7 65. Kg5 { Game drawn by mutual
agreement } 1/2-1/2

[Event "ICC tourney 2562 (45 10)"]
[Site "Internet Chess Club"]
[Date "2021.05.15"]
[Round "3"]
[White "Jain, Anuj:AnujJ"]
[Black "MADSEN, STUART:gmstuartscott"]
[Result "1-0"]
[ICCResult "Black checkmated"]
[WhiteElo "447"]
[BlackElo "895"]
[Opening "Three knights game"]
[ECO "C46"]
[NIC "KP.06"]
[Time "16:01:35"]
[PlyCount "89"]
[TimeControl "2700+10"]

1. e4 e5 2. Nf3 Nc6 3. Nc3 a6 4. Bc4 Nf6 5. Ng5 Qe7 6. Bxf7+ Kd8 7. Bc4 h6
8. Nf3 d6 9. d3 Bg4 10. h3 Be6 11. Bxe6 Qxe6 12. Be3 Kc8 13. d4 d5 14. dxe5
Nxe5 15. Nxe5 Qxe5 16. Bd4 Qg5 17. O-O Nxe4 18. Nxe4 dxe4 19. Qe2 Qd5 20.
Rfd1 Rg8 21. Qg4+ Kb8 22. Ba7+ Kxa7 23. Rxd5 Bd6 24. Qxe4 Rae8 25. Qc4 Re7
26. Rdd1 Rge8 27. Kf1 Re5 28. Re1 Rc5 29. Qd3 Rf8 30. b4 Rcf5 31. Re2 h5
32. a3 g5 33. c4 h4 34. c5 Bg3 35. Raa2 Be5 36. a4 Bg7 37. a5 R5f6 38. b5
g4 39. hxg4 Rh8 40. b6+ cxb6 41. axb6+ Kb8 42. Qd7 Rg6 43. Qc7+ Ka8 44.
Rxa6+ bxa6 45. Qa7# { Black checkmated } 1-0

[Event "ICC tourney 2562 (45 10)"]
[Site "Internet Chess Club"]
[Date "2021.05.15"]
[Round "3"]
[White "SHAMALOV, NATHAN:Nathan-Shamalov"]
[Black "Kirumaki, Shreya A:Chesspenguin123"]
[Result "1-0"]
[ICCResult "Black resigns"]
[WhiteElo "1105"]
[BlackElo "1198"]
[Opening "Ponziani: Jaenisch counter-attack"]
[ECO "C44"]
[NIC "KP.05"]
[Time "16:01:17"]
[PlyCount "117"]
[TimeControl "2700+10"]

1. e4 e5 2. Nf3 Nc6 3. c3 Nf6 4. d4 exd4 5. e5 Ne4 6. cxd4 d5 7. Nc3 Bb4 8.
Bd2 Nxd2 9. Qxd2 O-O 10. a3 Be7 11. Bb5 f6 12. O-O fxe5 13. Bxc6 bxc6 14.
Nxe5 Qd6 15. Rfe1 Bg5 16. Qxg5 Ba6 17. Na4 Rf6 18. Nc5 Bc8 19. Re3 Be6 20.
Nxe6 Rxe6 21. Rae1 Rae8 22. f4 c5 23. Qf5 Rf6 24. dxc5 Qxc5 25. Qd3 Rxf4
26. Nd7 Rxe3 27. Qxe3 Qxe3+ 28. Rxe3 Rc4 29. Re5 c6 30. Rf5 g6 31. Rf8+ Kg7
32. h3 d4 33. Rd8 Rc1+ 34. Kh2 c5 35. Nxc5 Rxc5 36. Rxd4 Kh6 37. Rd7 a5 38.
b4 axb4 39. axb4 Rb5 40. Rd4 Kg5 41. Kg3 h5 42. Rc4 Kf6 43. Kf3 g5 44. g4
h4 45. Ke4 Ke6 46. Kd3 Kd7 47. Ke4 Ke6 48. Rc6+ Kd7 49. Rc4 Ke6 50. Kd3 Kd7
51. Kc3 Kd6 52. Kb3 Kd5 53. Rc8 Kd6 54. Ka4 Kd7 55. Kxb5 Kxc8 56. Kc6 Kd8
57. b5 Kc8 58. b6 Kb8 59. b7 { Black resigns } 1-0

[Event "ICC tourney 2562 (45 10)"]
[Site "Internet Chess Club"]
[Date "2021.05.15"]
[Round "4"]
[White "CHATTERJEE, SIDDHAM:siddham"]
[Black "CHATTERJEE, SIDDHARTHA:greenlime2007"]
[Result "0-1"]
[ICCResult "White checkmated"]
[WhiteElo "805"]
[BlackElo "1288"]
[Opening "Sicilian defense"]
[ECO "B33"]
[NIC "SI.34"]
[Time "18:31:06"]
[PlyCount "26"]
[TimeControl "2700+10"]

1. e4 c5 2. Nf3 Nc6 3. d4 cxd4 4. Nxd4 Nf6 5. Nc3 e6 6. a3 Be7 7. Bc4 O-O
8. O-O Qc7 9. Bb3 b6 10. Re1 Nxd4 11. Qxd4 Bc5 12. Qd3 Ng4 13. Rf1 Qxh2# {
White checkmated } 0-1

[Event "ICC tourney 2562 (45 10)"]
[Site "Internet Chess Club"]
[Date "2021.05.15"]
[Round "4"]
[White "FILOSOFOV, VASILII:Filosofov"]
[Black "LUO, OLIVER:BadChessNotGood"]
[Result "0-1"]
[ICCResult "White checkmated"]
[WhiteElo "1339"]
[BlackElo "596"]
[Opening "two knights defense"]
[ECO "C58"]
[NIC "KP.01"]
[Time "18:31:10"]
[PlyCount "32"]
[TimeControl "2700+10"]

1. e4 e5 2. Nf3 Nc6 3. Bc4 Nf6 4. Ng5 d5 5. exd5 Na5 6. Bb3 Nxb3 7. cxb3 h6
8. Nf3 e4 9. Qe2 Be7 10. Ne5 Qxd5 11. Nc4 Bg4 12. Nc3 Qh5 13. Qe3 b5 14.
Na5 O-O 15. O-O Bd6 16. Nc6 Qxh2# { White checkmated } 0-1

[Event "ICC tourney 2562 (45 10)"]
[Site "Internet Chess Club"]
[Date "2021.05.15"]
[Round "4"]
[White "Brown, Rodney:bonaparte1984"]
[Black "WU, WINSTON:qjet"]
[Result "1/2-1/2"]
[ICCResult "Game drawn by repetition"]
[WhiteElo "1133"]
[BlackElo "1200"]
[Opening "French: Chigorin variation"]
[ECO "C00"]
[NIC "FR.01"]
[Time "18:31:37"]
[PlyCount "57"]
[TimeControl "2700+10"]

1. e4 e6 2. Qe2 c5 3. Nf3 Nc6 4. g3 Nf6 5. Bg2 e5 6. d3 Be7 7. O-O O-O 8.
b3 d6 9. Nc3 Bg4 10. Bb2 Nd4 11. Qd1 Qd7 12. Nd5 Nxd5 13. exd5 Bxf3 14.
Bxf3 Nxf3+ 15. Qxf3 Qh3 16. Qg2 Qxg2+ 17. Kxg2 Bf6 18. f4 Rfe8 19. Rae1
exf4 20. Rxe8+ Rxe8 21. Bxf6 gxf6 22. Rxf4 Kg7 23. c4 Re2+ 24. Rf2 Re3 25.
Rf3 Re2+ 26. Rf2 Re3 27. Rf3 Re2+ 28. Rf2 Re3 29. Rf3 { Game drawn by
repetition } 1/2-1/2

[Event "ICC tourney 2562 (45 10)"]
[Site "Internet Chess Club"]
[Date "2021.05.15"]
[Round "4"]
[White "HONG, JONATHAN Y:jhong3"]
[Black "Neti, Adarsh:PearPower"]
[Result "0-1"]
[ICCResult "White checkmated"]
[WhiteElo "935"]
[BlackElo "1270"]
[Opening "Four knights: Spanish variation"]
[ECO "C48"]
[NIC "KP.03"]
[Time "18:31:08"]
[PlyCount "136"]
[TimeControl "2700+10"]

1. e4 e5 2. Nf3 Nc6 3. Nc3 Nf6 4. Bb5 d6 5. O-O Bd7 6. d4 h6 7. d5 Ne7 8.
Bxd7+ Qxd7 9. Be3 c6 10. dxc6 Nxc6 11. a3 Be7 12. b4 a6 13. Nd5 Nxd5 14.
exd5 Na7 15. c4 O-O 16. c5 Bf6 17. Rc1 Rfc8 18. Qd2 e4 19. Nd4 dxc5 20.
bxc5 Qxd5 21. Qb4 Bxd4 22. Bxd4 Nc6 23. Qc4 Qxd4 24. Qxd4 Nxd4 25. Rfe1 Rc7
26. Rxe4 Nb3 27. Rc3 Nxc5 28. h3 Rac8 29. Rec4 Ne6 30. Rxc7 Rxc7 31. Rb3
Nd4 32. Rd3 Ne6 33. a4 Kf8 34. a5 Ke8 35. g4 Rc5 36. Ra3 Nd8 37. Kg2 Nc6
38. Re3+ Kd7 39. Rd3+ Kc7 40. Rf3 f6 41. Kg3 Rxa5 42. h4 Ra4 43. Rf4 Rxf4
44. Kxf4 a5 45. Ke3 a4 46. Kd2 a3 47. Kc2 b5 48. Kb3 b4 49. f3 Nd4+ 50. Ka2
Nb5 51. Kb3 Nc3 52. Kc2 a2 53. Kb2 b3 54. f4 Ne2 55. f5 Nd4 56. h5 Nc2 57.
Kxb3 a1=Q 58. Kxc2 Qa3 59. Kb1 Qc3 60. g5 hxg5 61. h6 gxh6 62. Ka2 Kc6 63.
Kb1 Qd2 64. Ka1 Kc5 65. Kb1 Kb4 66. Ka1 Kc3 67. Kb1 g4 68. Ka1 Qb2# { White
checkmated } 0-1

[Event "ICC tourney 2562 (45 10)"]
[Site "Internet Chess Club"]
[Date "2021.05.15"]
[Round "4"]
[White "Jain, Anuj:AnujJ"]
[Black "wang, William Kaiyuan:williamw601"]
[Result "0-1"]
[ICCResult "White checkmated"]
[WhiteElo "447"]
[BlackElo "1224"]
[Opening "Three knights game"]
[ECO "C46"]
[NIC "KP.06"]
[Time "18:31:13"]
[PlyCount "106"]
[TimeControl "2700+10"]

1. e4 e5 2. Nf3 Nc6 3. Nc3 a6 4. Bc4 Nf6 5. Ng5 d5 6. exd5 b5 7. dxc6 bxc4
8. Nge4 Be7 9. d3 Bb4 10. Nxf6+ Qxf6 11. Bd2 cxd3 12. cxd3 Qxc6 13. O-O Bb7
14. Ne4 Bxd2 15. Qxd2 f5 16. Qg5 fxe4 17. Qxe5+ Kf7 18. Qf4+ Qf6 19. Qxc7+
Qe7 20. Qf4+ Kg6 21. dxe4 Qxe4 22. Qxe4+ Bxe4 23. Rfe1 Bd5 24. a3 Rab8 25.
b4 Rhc8 26. Rad1 Bb3 27. Rd6+ Kf7 28. Rxa6 Rc7 29. h3 Bd5 30. Ra5 Bc6 31.
Rf5+ Kg6 32. g4 Bd7 33. Rf4 Ra8 34. Rf3 Rca7 35. Rd1 Re8 36. Rfd3 Ba4 37.
Rc1 Re6 38. f4 Rb6 39. h4 Bb5 40. Rd8 Rxa3 41. Rf8 Rg3+ 42. Kf2 Rxg4 43.
Kf3 Rxh4 44. Kg3 Rh5 45. Kg4 Bd7+ 46. Kg3 Rxb4 47. Rc7 Rh3+ 48. Kf2 Rb2+
49. Rc2 Rxc2+ 50. Kg1 Rb3 51. f5+ Bxf5 52. Rxf5 Kxf5 53. Kf1 Rb1# { White
checkmated } 0-1

[Event "ICC tourney 2562 (45 10)"]
[Site "Internet Chess Club"]
[Date "2021.05.15"]
[Round "4"]
[White "MADSEN, STUART:gmstuartscott"]
[Black "SHARMA, ISHAAN:ishaansharma12"]
[Result "0-1"]
[ICCResult "White checkmated"]
[WhiteElo "895"]
[BlackElo "472"]
[Opening "QGA, 4.Nc3"]
[ECO "D24"]
[NIC "QG.03"]
[Time "18:31:09"]
[PlyCount "56"]
[TimeControl "2700+10"]

1. d4 d5 2. c4 dxc4 3. Nc3 Nf6 4. Nf3 Bd7 5. e3 e6 6. Bxc4 Nc6 7. e4 Be7 8.
e5 Ng8 9. O-O f6 10. Re1 Bb4 11. a3 Bxc3 12. bxc3 Qe7 13. Qb3 b6 14. Ba6
Nb8 15. Bb7 Bc6 16. Bxa8 Bxa8 17. a4 Nd7 18. Nd2 fxe5 19. dxe5 Qg5 20. Ne4
Qxe5 21. f4 Qf5 22. a5 Bxe4 23. axb6 cxb6 24. Rxa7 Ngf6 25. Qc4 O-O 26. Rc7
Qg6 27. Qxe6+ Kh8 28. Qe7 Qxg2# { White checkmated } 0-1

[Event "ICC tourney 2562 (45 10)"]
[Site "Internet Chess Club"]
[Date "2021.05.15"]
[Round "4"]
[White "Zong, Ivan:ivanzong"]
[Black "FENG, AARON:aaronfeng"]
[Result "1/2-1/2"]
[ICCResult "Game drawn by mutual agreement"]
[WhiteElo "1081"]
[BlackElo "1158"]
[Opening "Queen's pawn game, Chigorin variation"]
[ECO "D02"]
[NIC "QP.08"]
[Time "18:31:04"]
[PlyCount "50"]
[TimeControl "2700+10"]

1. d4 d5 2. Nf3 Nc6 3. e3 Bg4 4. Bd3 Nf6 5. b3 e6 6. Bb2 Be7 7. Nbd2 Bf8 8.
h3 Bh5 9. Be2 Be7 10. Ne5 Bxe2 11. Qxe2 Nxe5 12. dxe5 Nd7 13. c4 c6 14. e4
Nb6 15. exd5 cxd5 16. cxd5 Qxd5 17. O-O O-O 18. Rad1 Qc6 19. Rc1 Qd7 20.
Rfd1 Nd5 21. Nc4 Bc5 22. Rd2 Bb4 23. Rd4 Bc5 24. Rg4 Be7 25. Rd1 Qc7 { Game
drawn by mutual agreement } 1/2-1/2

[Event "ICC tourney 2562 (45 10)"]
[Site "Internet Chess Club"]
[Date "2021.05.15"]
[Round "4"]
[White "WIDJAJA, IAN:mewto12345"]
[Black "DSOUZA, AIDEN:aiden004"]
[Result "1-0"]
[ICCResult "Black checkmated"]
[WhiteElo "1280"]
[BlackElo "1188"]
[Opening "Queen's pawn"]
[ECO "A40"]
[NIC "QP.05"]
[Time "18:31:59"]
[PlyCount "139"]
[TimeControl "2700+10"]

1. d4 e6 2. Nf3 Nf6 3. Bf4 d5 4. e3 Nc6 5. Bb5 Bd7 6. h3 Ne4 7. O-O Be7 8.
Nbd2 Nxd2 9. Qxd2 a6 10. Bd3 O-O 11. c3 Bd6 12. Bxd6 cxd6 13. Rfe1 Qf6 14.
Bc2 Rad8 15. Qd3 g6 16. e4 dxe4 17. Qxe4 e5 18. dxe5 dxe5 19. Nxe5 Bf5 20.
Qe2 Rfe8 21. f4 Bxc2 22. Qxc2 Qxf4 23. Nxc6 bxc6 24. Rxe8+ Rxe8 25. Rf1
Qe3+ 26. Qf2 Qxf2+ 27. Rxf2 Re6 28. Kh2 Kf8 29. Kg3 Ke7 30. Rd2 f5 31. Kf3
Re5 32. Rd4 Rb5 33. b4 Ke6 34. Rd3 Rd5 35. Re3+ Kd6 36. Re8 Rd3+ 37. Re3
Rxe3+ 38. Kxe3 Ke5 39. g3 g5 40. a3 Kd5 41. Kd3 h5 42. c4+ Kd6 43. Kd4 g4
44. h4 Ke6 45. Ke3 Ke5 46. a4 c5 47. bxc5 a5 48. c6 Kd6 49. Kf4 Kxc6 50.
Kxf5 Kc5 51. Kg5 Kb4 52. Kxh5 Kxa4 53. Kxg4 Kb4 54. h5 a4 55. h6 a3 56. h7
a2 57. h8=Q Kxc4 58. Qb2 a1=Q 59. Qxa1 Kd3 60. Qe5 Kd2 61. Kf5 Kc2 62. g4
Kd2 63. g5 Kc2 64. g6 Kd2 65. g7 Kc2 66. g8=Q Kd2 67. Qd8+ Kc2 68. Qec7+
Kb2 69. Qdb8+ Ka2 70. Qca7# { Black checkmated } 1-0

[Event "ICC tourney 2562 (45 10)"]
[Site "Internet Chess Club"]
[Date "2021.05.15"]
[Round "4"]
[White "PAREKH, VANSH:Popularmmose"]
[Black "SHAMALOV, NATHAN:Nathan-Shamalov"]
[Result "0-1"]
[ICCResult "White checkmated"]
[WhiteElo "1086"]
[BlackElo "1105"]
[Opening "French: exchange variation"]
[ECO "C01"]
[NIC "FR.01"]
[Time "18:31:08"]
[PlyCount "94"]
[TimeControl "2700+10"]

1. e4 e6 2. d4 d5 3. exd5 exd5 4. Nc3 Nf6 5. Nf3 Bb4 6. Bd3 Qe7+ 7. Be3 Ne4
8. Bxe4 dxe4 9. Ne5 Be6 10. d5 O-O 11. dxe6 Qxe6 12. Ng4 f5 13. Nh6+ gxh6
14. Qd2 Nc6 15. Bxh6 Rf6 16. Bf4 Rd8 17. Qe3 Nd4 18. Rc1 Qxa2 19. O-O Qxb2
20. Bg5 Qxc3 21. Rce1 Rg6 22. Bxd8 Qxe1 23. Rxe1 Bxe1 24. Qxe1 Nf3+ 25. Kf1
Nxe1 26. Kxe1 c6 27. g3 Rh6 28. h4 Rd6 29. Be7 Rd7 30. Bc5 b6 31. Bb4 c5
32. Bc3 Kf7 33. Ke2 Ke6 34. Ke3 Kd5 35. Bb2 a5 36. Kf4 Ke6 37. c4 a4 38.
Kg5 Rd2 39. Bc3 Rxf2 40. Kh6 a3 41. Kxh7 Rg2 42. Be1 a2 43. Bc3 Rxg3 44. h5
Rxc3 45. h6 a1=Q 46. Kg8 Rg3+ 47. Kf8 Qh8# { White checkmated } 0-1

[Event "ICC tourney 2562 (45 10)"]
[Site "Internet Chess Club"]
[Date "2021.05.15"]
[Round "5"]
[White "Liu, Lawrence:liulawr1"]
[Black "HONG, JONATHAN Y:jhong3"]
[Result "0-1"]
[ICCResult "White checkmated"]
[WhiteElo "503"]
[BlackElo "935"]
[Opening "Pirc: classical (two knights) system"]
[ECO "B08"]
[NIC "PU.10"]
[Time "21:01:12"]
[PlyCount "42"]
[TimeControl "2700+10"]

1. e4 d6 2. d4 Nf6 3. Nc3 g6 4. Nf3 Bg7 5. e5 dxe5 6. Nxe5 O-O 7. Be3 Nc6
8. Nxc6 bxc6 9. Qd2 a5 10. a4 Nd5 11. Bh6 Nxc3 12. bxc3 Bd7 13. Bd3 Rb8 14.
O-O Be6 15. c4 Qxd4 16. Bxg7 Kxg7 17. Rfe1 Bxc4 18. Re4 Qxa1+ 19. Re1 Rb1
20. Bxc4 Rxe1+ 21. Bf1 Rxf1# { White checkmated } 0-1

[Event "ICC tourney 2562 (45 10)"]
[Site "Internet Chess Club"]
[Date "2021.05.15"]
[Round "5"]
[White "CHATTERJEE, SIDDHARTHA:greenlime2007"]
[Black "WIDJAJA, IAN:mewto12345"]
[Result "1-0"]
[ICCResult "Black resigns"]
[WhiteElo "1288"]
[BlackElo "1280"]
[Opening "Scotch game"]
[ECO "C45"]
[NIC "SO.04"]
[Time "21:01:17"]
[PlyCount "35"]
[TimeControl "2700+10"]

1. e4 e5 2. Nf3 Nc6 3. d4 exd4 4. Nxd4 Nxd4 5. Qxd4 Qf6 6. Qc4 Qc6 7. Nc3
Qxc4 8. Bxc4 Bc5 9. Nb5 Bb6 10. Bf4 c6 11. Nd6+ Ke7 12. e5 Nh6 13. O-O Rf8
14. Bg5+ f6 15. exf6+ gxf6 16. Bxh6 Rd8 17. Nf5+ Ke8 18. Rfe1+ { Black
resigns } 1-0

[Event "ICC tourney 2562 (45 10)"]
[Site "Internet Chess Club"]
[Date "2021.05.15"]
[Round "5"]
[White "wang, William Kaiyuan:williamw601"]
[Black "Brown, Rodney:bonaparte1984"]
[Result "1-0"]
[ICCResult "Black resigns"]
[WhiteElo "1224"]
[BlackElo "1133"]
[Opening "Sicilian: Canal-Sokolsky (Nimzovich-Rossolimo, Moscow) attack"]
[ECO "B51"]
[NIC "SI.01"]
[Time "21:01:13"]
[PlyCount "33"]
[TimeControl "2700+10"]

1. e4 c5 2. Nf3 d6 3. Bb5+ Nc6 4. h3 g6 5. O-O Bg7 6. c3 Nf6 7. Re1 O-O 8.
d4 cxd4 9. cxd4 Nd7 10. Nc3 e6 11. Be3 a6 12. Bxc6 bxc6 13. Qd2 Re8 14. d5
Bb7 15. dxc6 Bxc6 16. Qxd6 Bf8 17. Qxc6 { Black resigns } 1-0